 Dungeon Crawl Stone Soup version 0.32-a0-42-ga30500b4d3 (webtiles) character file.

Game seed: 8523904668261092920

60 Atlas the Digger (level 3, -1/24 HPs)
             Began as a Demonspawn Earth Elementalist on Jan 31, 2024.
             Incinerated by a bombardier beetle (3 damage)
             ... with a burning spray
             ... on level 3 of the Dungeon.
             The game lasted 00:01:47 (1972 turns).

Atlas the Digger (Demonspawn Earth Elementalist)    Turns: 1972, Time: 00:01:48

Health: -1/24      AC:  3    Str:  8    XL:     3   Next: 82%
Magic:  0/7        EV: 11    Int: 17    God:
Gold:   98         SH:  0    Dex: 13    Spells: 4/8 levels left

rFire   . . .        (no weapon)
rCold   . . .        (no shield)
rNeg    . . .        j - +0 leather armour
rPois   .            (no helmet)
rElec   .            (no cloak)
rCorr   .            (no gloves)
SInv    .            (no boots)
Will    +....        (no amulet)
Stlth   +            (no ring)
HPRegen 0.24/turn    (no ring)
MPRegen 0.10/turn

%: no passive effects
@: on fire, enlightened, flying, glowing
A: condensation shield
a: no special abilities


You were on level 3 of the Dungeon.
You visited 1 branch of the dungeon, and saw 3 of its levels.

You collected 98 gold pieces.

Inventory:

Armour
 a - a +0 robe
 j - a +0 leather armour (worn)
Scrolls
 c - 2 scrolls of poison {unknown}
 d - a scroll of teleportation {unknown}
 h - a scroll of enchant armour {unknown}
 i - a scroll of fear {unknown}
 k - a scroll of identify {unknown}
Potions
 b - a potion of magic
 e - 2 potions of enlightenment
 f - a potion of degeneration {unknown}
 g - 2 potions of berserk rage {unknown}


   Skills:
 + Level 0.2 Fighting
 + Level 1.7 Dodging
 + Level 1.9 Stealth
 + Level 3.2 Spellcasting
 + Level 1.0 Conjurations
 + Level 3.3 Earth Magic


You had 4 spell levels left.
You knew the following spells:

 Your Spells              Type           Power      Damage    Failure   Level
a - Stone Arrow           Conj/Erth      20%        3d8       30%         3
b - Sandblast             Erth           28%        2d8       6%          1

Your spell library contained the following spells:

 Spells                   Type           Power      Damage    Failure   Level
 Passwall                 Erth           14%        N/A       19%         3
 Sublimation of Blood     Necr           2%         N/A       36%         2
 Brom's Barrelling Bould  Conj/Erth      10%        2d3       69%         4
 Petrify                  Alch/Erth      8%         N/A       77%         4
 Irradiate                Conj/Alch      2%         3d12      99%         5


Dungeon Overview and Level Annotations

Branches:
Dungeon (3/15)

Altars:

Shops:
D:3 !


Innate Abilities, Weirdness & Mutations

A meltable shield of frost defends you. (SH +0)


Message History

Found a serpent talisman and a dagger.
The bombardier beetle moves out of view.
The blast of sand hits the orc.
The orc is severely wounded.
The orc closely misses you.
The blast of sand hits the orc!
You kill the orc!
The blast of sand hits the bat!
You kill the bat!
A bombardier beetle is nearby!
You see here a +0 club.
The blast of sand hits the bombardier beetle but does no damage.
The bombardier beetle sprays incendiary fluid at you.
The burning spray hits you.
Your condensation shield dissipates!
You are covered in liquid fire!
The blast of sand hits the bombardier beetle.
The bombardier beetle is moderately wounded.
The liquid fire burns you!
The blast of sand hits the bombardier beetle but does no damage.
The bombardier beetle is moderately wounded.
The liquid fire burns you!
The blast of sand hits the bombardier beetle but does no damage.
The bombardier beetle is moderately wounded.
The liquid fire burns you!
* * * LOW HITPOINT WARNING * * *
The bombardier beetle sprays incendiary fluid at you.
The burning spray hits you.
You are even more covered in liquid fire!
You shake off some of the fire as you move.
The liquid fire burns you!
* * * LOW HITPOINT WARNING * * *
You shake off some of the fire as you move.
The liquid fire burns you!
* * * LOW HITPOINT WARNING * * *
It was a potion of enlightenment.
You feel very buoyant.
You fly up into the air.
The liquid fire burns you!
You die...

#.... .....# #.......
..#.###.#.# #.......
.........# #.......
#.###.#.## ###+#.....
#.#%#.#..###.'∩'.....
...#.###.#)..##.#+#.....
#....B.)..#.##.........
.#.#.###.#.#.##########.
.......@...#.#########..
.........###...........#
...)###### ###......†###
... #......## . #......#
#........ #.........
#......)... #..........


There were no monsters in sight!

Vanquished Creatures
  2 adders
  An orc (D:3)
  3 endoplasms
  2 giant cockroaches (D:1)
  5 goblins
  4 hobgoblins
  3 jackals (D:1)
  3 quokkas
  5 ball pythons
  4 bats
  2 kobolds
  4 rats
38 creatures vanquished.

Notes
Turn   | Place    | Note
-------+----------+-------------------------------------------
     0 | D:1      | Atlas the Demonspawn Earth Elementalist began the quest for
                  | the Orb.
     0 | D:1      | Reached XP level 1. HP: 13/13 MP: 3/3
   233 | D:1      | Gained mutation: A meltable shield of frost defends you.
                  | (SH +0) [demonic ancestry]
   233 | D:1      | Reached XP level 2. HP: 9/19 MP: 0/5
  1000 | D:2      | Reached XP level 3. HP: 24/24 MP: 4/7
  1160 | D:2      | Learned a level 3 spell: Stone Arrow
  1893 | D:3      | Found Xynad's Distillery.
  1972 | D:3      | Incinerated by a bombardier beetle

Illustrated notes

Levels and vault maps discovered:
D:1:      onia_arrival_pyramid, layout_loops_ring
D:2:      layout_loops_ring, minmay_tromino_v2
D:3:      layout_basic, mainiacjoe_overflow_catwalk, serial_shops,
          nicolae_shop_behind_doors, minmay_surrounded, uniq_crazy_yiuf_cottage,
          uniq_terence

Skill      XL: |  1  2  3 |
---------------+----------+-----
Earth Magic    | 3 |  3.3
Spellcasting   | 3 |  3.2
Fighting       | |  0.2
Dodging        | |  1.7
Stealth        | |  1.9
Conjurations   | |  1.0

Action                     || total
---------------------------++-------
  Melee: Unarmed           ||    33
   Cast: Sandblast         ||    60
    Use: Potion            ||     1
 Armour: Robe              ||    27
  Dodge: Dodged            ||    39
  Block: Other             ||     5

Table legend: (Time is in decaauts)
 A = Elapsed time spent in this place.
 B = Non-inter-level travel time spent in this place.
 C = Inter-level travel time spent in this place.
 D = Time resting spent in this place.
 E = Time spent auto-exploring this place.
 F = Levels seen in this place.
 G = Mean time per level.
                   A        B        C        D        E       F      G
               +--------+--------+--------+--------+--------+-----+--------+
         Total |   2001 |   1854 |    147 |     29 |   1563 |   3 |  667.0 |
       Dungeon |   2001 |   1854 |    147 |     29 |   1563 |   3 |  667.0 |
               +--------+--------+--------+--------+--------+-----+--------+

Top non-repeatable levels by time:
     D:1: 959 daAuts
     D:2: 881 daAuts
     D:3: 160 daAuts
